 Dungeon Crawl Stone Soup version 5.4-101-gcf516dc (console) character file.

1888 prospero the Warrior (level 22, -5/271 HPs) *CASUAL*
             Began as a Purple Draconian Transmuter on Mar 7, 2018.
             Was the Champion of Jiyva.
             Killed by the air
             ... invoked by a titan
              (11 damage)
             ... on level 3 of the Vaults.
             The game lasted 01:15:20 (19118 turns).

prospero the Warrior (Purple Draconian Transmuter) Turns: 19118, Time: 01:15:20

Health: -5/271     AC: 29 (39%)Str: 19  XL:     22   Next: 6%
Magic:  29/29      EV: 32    Int: 20    God:    Jiyva [6*[182]]
Gold:   336        SH:  0    Dex: 24    Spells: 27/41 levels left

rFire    . . .     SeeInvis .     - Unarmed
rCold    . . .     Faith    .   (no shield)
rNeg     + . .     Spirit   .   (armour unavailable)
rPois    ∞         Reflect  .   (helmet restricted)
rElec    +                      j - +2 cloak
rCorr    +                      (gloves currently unavailable)
MR       +++..                  (boots currently unavailable)
Stlth    ++........             b - amulet of regeneration
Regen    1.0/turn               d - +5 ring of strength
MPRegen  0.6/turn               y - +5 ring of dexterity

@: statue-form, marked, very slightly contaminated, very slow
A: (breathe power), unfitting armour, big wings, clever, electricity resistance,
tendrils, cold-blooded, AC +11
}: 1/9 runes: serpentine
a: Fly, End Transformation, Slimify, Cure Bad Mutation, Renounce Religion


You were on level 3 of the Vaults.
You worshipped Jiyva.
Jiyva was exalted by your worship.
You were not hungry.
You were a stone statue.
You visited 4 branches of the dungeon, and saw 23 of its levels.

You collected 1493 gold pieces.
You spent 1157 gold pieces at shops.

Inventory:

Missiles
 a - 5125 arrows
 g - 72 tomahawks
 k - 48 poisoned darts
 l - 6 curare darts
 r - 9 frenzy darts
 v - 79 exploding tomahawks
 w - 5 poisoned tomahawks
 x - 2460 stones (quivered)
Armour
 i - a +0 shield
 j - a +2 cloak (worn)
 H - a +2 pair of boots (melded)
Jewellery
 b - an amulet of regeneration (around neck)
 d - a +5 ring of strength (left hand)
 p - an uncursed amulet of destruction
 u - an uncursed ring of fire
 y - a +5 ring of dexterity (right hand)
 G - a +5 ring of strength
 J - a +3 ring of evasion
Wands
 F - a wand of confusion (15)
 I - a wand of iceblast (8)
Scrolls
 h - a scroll of amnesia
 n - 4 scrolls of enchant weapon
 s - 5 scrolls of blinking
 z - a scroll of fear
 B - a scroll of holy word
 C - a scroll of magic mapping
Potions
 c - 3 potions of ambrosia
 e - 2 potions of haste
 f - a potion of lignification
 o - a potion of berserk rage
 q - 4 potions of cancellation
 t - a potion of magic
 A - 4 potions of mutation
 E - a potion of flight


   Skills:
 - Level 20.0 Fighting
 + Level 19.8 Dodging
 - Level 20.0 Unarmed Combat
 - Level 10.0 Spellcasting
 - Level 15.0 Transmutations
 - Level 8.0 Earth Magic


You had 27 spell levels left.
You knew the following spells:

 Your Spells              Type           Power        Failure   Level  Hunger
a - Beastly Appendage     Tmut           50 (50)      0%          1    N/A
b - Sticks to Snakes      Tmut/Summ      40 (100)     1%          2    N/A
c - Blade Hands           Tmut           63 (200)     1%          5    N/A
d - Statue Form           Tmut/Erth      54 (150)     10%         6    N/A

Dungeon Overview and Level Annotations

Branches:
Dungeon (15/15) Snake (3/3) Orc:2 Slime (0/4) Orc:2 Vaults:3 Orc (2/2) D:15 Vaults (3/3) D:15 Snake:3 Depths (0/3) D:15 Vaults:3 Swamp: Orc:2 Shoals: Orc:2

Altars:
Cheibriados
Dithmenos
Elyvilon
Gozag
Jiyva
Kikubaaqudgha
Makhleb
Nemelex Xobeh
Okawaru
Qazlal
Ru
Sif Muna
Trog
Uskayaw
Vehumet
Wu Jian
Xom
Yredelemnul
Zin
The Shining One

Shops:
D:10 *   D:11 ([?   Orc:1 [   Orc:2 **}=   Snake:1 [:(:([[   Snake:2 }}=
Vaults:1 (   Vaults:2 =


Innate Abilities, Weirdness & Mutations

((You can breathe bolts of dispelling energy.))
((Your rich purple scales are hard. (AC +11)))
Your body does not fit into most forms of armour.
You are cold-blooded and may be slowed by cold attacks.
Your large and strong wings let you fly indefinitely.
Your mind is acute. (Int +5)
You are resistant to electric shocks. (rElec)
You are covered in slimy tendrils that may disarm your opponents.


Message History

The halazid warlock is empowered by the deep elf high priest's aura!
The deep elf high priest hits you but does no damage.
Cornered, the vault guard turns to fight!
Items here: ))) [[ a +0 quarterstaff; a +0 battleaxe of freezing; a +0 long sword of electrocution a +4 scale mail of poison resistance; a +0 buckler You pummel the fire giant (19)!!
You tail-slap the fire giant (3).
The fire giant is moderately wounded.
The ironbrand convoker's soul is no longer bound.
The ironbrand convoker is empowered by the deep elf high priest's aura!
The deep elf high priest misses you.
The necromancer gestures wildly while chanting.
The necromancer binds the souls of nearby monsters.
The fire giant completely misses you.
You squash the fire giant like an ant (87)!!!!
You kill the fire giant!
The titan waves its arms in wide circles.
The air twists around and strikes you (14)!
Jiyva absorbs 3 damage for you.
You die...

### #[# #8## #e)#
....#....# ##pp#
...#....#
##cCO####..#....#
..pppc.§...#.....
..TpCCZLZ........
##########.......
............
.......O>>.e
........Np..
.......Z.C.p


You could see a titan, a fire giant, 2 yaktaur captains, a halazid warlock, 2
vault guards, an ettin, a two-headed ogre, a deep troll (fleeing), a vault
sentinel, a deep elf high priest, 2 ironbrand convokers, a necromancer and a
vault warden skeleton.

Vanquished Creatures
  Rupert (Snake:1)
  2 titans (Vaults:3)
  A quicksilver dragon (Vaults:3)
  2 liches (Vaults:3)
  3 tentacled monstrosities (Vaults:3)
  5 tengu reavers
  3 shadow dragons (Vaults:3)
  A storm dragon (Vaults:3)
  Agnes (Snake:1)
  8 greater nagas
  9 fire giants (Vaults:3)
  4 frost giants (Vaults:3)
  An imperial myrmidon (Vaults:3)
  4 vault wardens
  An orc warlord (Orc:2)
  Aizul (Snake:3)
  5 ironheart preservers
  11 stone giants
  A very ugly thing (Vaults:3)
  A deep elf demonologist (Vaults:1)
  Snorg (Orc:1)
  3 ettins
  A fire dragon (Vaults:1)
  9 yaktaur captains
  2 ice dragons
  16 naga warriors
  18 vault guards (Vaults:3)
  2 hydras
  A catoblepas (D:13)
  5 centaur warriors
  4 ogre magi
  A death knight (D:15)
  8 anacondas
  19 two-headed ogres
  3 death yaks (D:13)
  4 orc high priests (Orc:2)
  Urug (D:10)
  10 naga sharpshooters
  2 shock serpents (Snake:3)
  Sonja (D:10)
  A shadow wraith (Vaults:1)
  2 deep elf knights (Vaults:1)
  11 skeletal warriors
  An unseen horror (shapeshifter) (Vaults:1)
  A salamander mystic (Snake:1)
  2 unseen horrors (D:13)
  4 naga ritualists
  4 wizards
  4 ironbrand convokers
  4 phantasmal warriors
  4 harpies (Vaults:2)
  A necromancer (D:15)
  7 orc knights
  An oklob plant (Snake:2)
  3 deep elf magi
  4 mana vipers
  4 orc sorcerers
  A cyclops (D:15)
  A frost giant zombie (D:15)
  2 iron dragon zombies (D:15)
  20 ugly things
  7 salamanders
  3 manticores
  A salamander (shapeshifter) (D:15)
  17 black mambas
  4 vault sentinels
  2 guardian serpents (Snake:3)
  A centaur zombie (D:10)
  A guardian serpent (shapeshifter) (Vaults:1)
  11 naga magi
  A torpor snail (D:13)
  2 gargoyles
  8 centaur skeletons
  A spiny frog (D:12)
  20 yaktaurs
  2 efreet (D:13)
  3 freezing wraiths
  A yaktaur (shapeshifter) (D:15)
  10 trolls
  4 blink frogs (D:15)
  A spriggan zombie (D:15)
  Sigmund (D:3)
  A shadow (D:13)
  A wyvern (shapeshifter) (D:13)
  4 wyverns
  Grum (D:10)
  A basilisk (shapeshifter) (Vaults:1)
  21 yaks
  2 steam dragons
  A hog (shapeshifter) (Vaults:2)
  3 angry ghosts
  4 wargs
  44 nagas
  An acid dragon (D:12)
  A water moccasin (D:7)
  41 orc warriors
  8 ice beasts
  2 black bears
  2 wasps
  23 ogres
  A phantom (D:7)
  A spiny frog skeleton (D:9)
  4 boggarts (D:15)
  A centaur (shapeshifter) (D:15)
  3 wolves (D:10)
  13 centaurs
  A rime drake zombie (D:11)
  Blork the orc (D:6)
  2 bullfrogs (D:7)
  A water moccasin zombie (D:8)
  A gnoll sergeant (D:6)
  A wyvern zombie (D:12)
  A wyvern skeleton (D:6)
  2 scorpions
  4 wights (D:8)
  5 crimson imps
  6 killer bees
  A howler monkey (D:7)
  3 quasits
  6 hounds
  25 orc priests
  16 orc wizards
  2 worker ants
  An iguana (D:4)
  A killer bee zombie (D:9)
  3 hound skeletons
  10 adders
  3 gnolls (D:6)
  4 shadow imps
  An ooze (D:1)
  3 dart slugs
  97 orcs
  4 quokkas
  6 giant cockroaches
  4 goblins (D:2)
  6 hobgoblins
  11 jackals
  A ball python (D:5)
  8 bats
  4 frilled lizards
  9 kobolds
  8 rats
  A plant (D:3)
806 creatures vanquished.

Vanquished Creatures (collateral kills)
  Roxanne (D:15)
  A fire giant (Vaults:3)
  A stone giant (Orc:2)
  An ogre (D:4)
  A gnoll (D:6)
5 creatures vanquished.

Vanquished Creatures (others)
  An acid blob (Vaults:3)
  An ogre mage (Vaults:3)
  A centaur warrior (Vaults:1)
  A lindwurm (shapeshifter) (Vaults:3)
  An elephant (shapeshifter) (Vaults:3)
  A raiju (shapeshifter) (Vaults:3)
  A wind drake (shapeshifter) (Vaults:3)
  4 slime creatures (D:15)
  A golden eye (shapeshifter) (Vaults:3)
  A naga (Snake:3)
  A swamp worm (shapeshifter) (Vaults:3)
  An eye of draining (shapeshifter) (Vaults:3)
  A boggart (D:15)
  An ogre (Vaults:3)
  A centaur (D:11)
  A jelly (D:15)
  2 fungi
  A plant (D:15)
  A withered plant (D:15)
23 creatures vanquished.

Grand Total: 834 creatures vanquished

Notes
Turn   | Place    | Note
-------+----------+-------------------------------------------
     0 | D:1      | prospero the Draconian Transmuter began the quest for the Orb.
     0 | D:1      | Reached XP level 1. HP: 16/16 MP: 3/3
   218 | D:1      | Reached XP level 2. HP: 23/23 MP: 4/4
   594 | D:1      | Reached XP level 3. HP: 28/28 MP: 5/5
   918 | D:2      | Found an ancient bone altar of Kikubaaqudgha.
   954 | D:2      | Found a shadowy altar of Dithmenos.
   956 | D:2      | Reached skill level 5 in Unarmed Combat
   956 | D:2      | Reached XP level 4. HP: 35/35 MP: 6/6
  1143 | D:2      | Found a viscous altar of Jiyva.
  1242 | D:2      | Found a basalt altar of Yredelemnul.
  1374 | D:2      | Became a worshipper of Jiyva Joloaf the Shapeless
  1437 | D:2      | Gained mutation: You are clumsy. (Dex -5) [mutagenic hatch]
  1541 | D:3      | Reached XP level 5. HP: 40/40 MP: 7/7
  1656 | D:3      | Found a sparkling altar of Nemelex Xobeh.
  1664 | D:3      | Noticed Sigmund
  1673 | D:3      | Killed Sigmund
  1673 | D:3      | Reached XP level 6. HP: 27/47 MP: 8/8
  1731 | D:3      | Found a radiant altar of Vehumet.
  1832 | D:3      | Your scales start taking on a rich purple colour.
  1832 | D:3      | Reached XP level 7. HP: 52/52 MP: 9/9
  1840 | D:3      | Learned a level 2 spell: Sticks to Snakes
  2188 | D:3      | Lost mutation: You are clumsy. (Dex -5) [mutagenic hatch]
  2193 | D:4      | Reached * piety under Jiyva
  2205 | D:4      | Found a sacrificial altar of Ru.
  2270 | D:4      | Found an iron altar of Okawaru.
  2340 | D:4      | Reached skill level 5 in Transmutations
  2423 | D:4      | Reached XP level 8. HP: 59/59 MP: 10/10
  2439 | D:4      | Learned a level 5 spell: Blade Hands
  2768 | D:4      | Reached ** piety under Jiyva
  2832 | D:4      | Found a glowing silver altar of Zin.
  3027 | D:5      | Entered Level 5 of the Dungeon
  3082 | D:5      | Found a stormy altar of Qazlal.
  3082 | D:5      | Found a glowing golden altar of the Shining One.
  3087 | D:5      | Found a snail-covered altar of Cheibriados.
  3087 | D:5      | Found a shimmering altar of Xom.
  3323 | D:5      | Found a white marble altar of Elyvilon.
  3399 | D:5      | Found a burning altar of Makhleb.
  3403 | D:5      | Reached *** piety under Jiyva
  3418 | D:5      | Found a hide-covered altar of Uskayaw.
  3452 | D:5      | Found a deep blue altar of Sif Muna.
  3547 | D:5      | Gained mutation: You have an increased reservoir of magic. (+10% MP) [Jiyva's grace]
  3675 | D:6      | Found an ornate altar of the Wu Jian Council.
  3757 | D:6      | Noticed a two-headed ogre
  3764 | D:6      | Reached XP level 9. HP: 70/72 MP: 0/6
  3778 | D:6      | Slimified a two-headed ogre
  3778 | D:6      | a two-headed ogre changed into a slime creature
  3825 | D:6      | Reached skill level 5 in Fighting
  3845 | D:6      | Reached skill level 5 in Dodging
  3853 | D:6      | Noticed a purple ugly thing
  3859 | D:6      | Killed a purple ugly thing
  4097 | D:6      | Noticed Blork the orc
  4103 | D:6      | Killed Blork the orc
  4103 | D:6      | Reached XP level 10. HP: 79/88 MP: 7/7
  4377 | D:7      | Gained mutation: Your flesh is cold resistant. (rC+) [Jiyva's grace]
  4419 | D:7      | Found an opulent altar of Gozag.
  4616 | D:7      | Found a bloodstained altar of Trog.
  4758 | D:7      | Reached **** piety under Jiyva
  4777 | D:7      | Found a shimmering altar of Xom.
  5238 | D:8      | Noticed a two-headed ogre
  5246 | D:8      | Killed a two-headed ogre
  5246 | D:8      | Reached XP level 11. HP: 53/99 MP: 8/8
  5259 | D:8      | Reached skill level 10 in Unarmed Combat
  5544 | D:9      | Reached skill level 10 in Fighting
  6008 | D:9      | Reached skill level 10 in Dodging
  6136 | D:10     | Entered Level 10 of the Dungeon
  6138 | D:10     | Gained mutation: You are agile. (Dex +5) [Jiyva's grace]
  6138 | D:10     | Noticed Urug
  6150 | D:10     | Killed Urug
  6215 | D:10     | Noticed a two-headed ogre
  6219 | D:10     | Killed a two-headed ogre
  6219 | D:10     | Reached skill level 5 in Spellcasting
  6411 | D:10     | Reached ***** piety under Jiyva
  6424 | D:10     | Reached XP level 12. HP: 108/108 MP: 13/13
  6469 | D:10     | Noticed Sonja
  6484 | D:10     | Killed Sonja
  6484 | D:10     | HP: 1/108 [poisoned by Sonja]
  6723 | D:10     | Noticed Grum
  6739 | D:10     | Killed Grum
  7005 | D:10     | Found Luuriugh's General Store.
  7013 | D:10     | Bought a potion of mutation for 112 gold pieces
  7013 | D:10     | Bought a scroll of blinking for 105 gold pieces
  7276 | D:11     | Found Sin Hi Ilog's Armour Boutique.
  7284 | D:11     | Bought a +0 cloak for 54 gold pieces
  7311 | D:11     | Gained mutation: You do not regenerate when monsters are visible. [Jiyva's grace]
  7312 | D:11     | Lost mutation: You are agile. (Dex +5) [potion of mutation]
  7312 | D:11     | Lost mutation: Your flesh is cold resistant. (rC+) [potion of mutation]
  7312 | D:11     | Lost mutation: You have an increased reservoir of magic. (+10% MP) [potion of mutation]
  7312 | D:11     | Lost mutation: You do not regenerate when monsters are visible. [potion of mutation]
  7312 | D:11     | Gained mutation: You are frail. (-10% HP) [potion of mutation]
  7312 | D:11     | Gained mutation: You are resistant to electric shocks. (rElec) [potion of mutation]
  7312 | D:11     | Gained mutation: Your flesh is heat resistant. (rF+) [potion of mutation]
  7313 | D:11     | Lost mutation: You are frail. (-10% HP) [Jiyva's power]
  7422 | D:11     | Noticed a death ooze
  7422 | D:11     | a skeletal warrior changed into a death ooze
  7424 | D:11     | Noticed a death ooze
  7424 | D:11     | a skeletal warrior changed into a death ooze
  7428 | D:11     | Noticed a death ooze
  7428 | D:11     | a skeletal warrior changed into a death ooze
  7585 | D:11     | Found Lubboll's Magic Scroll Emporium.
  7593 | D:11     | Bought a scroll of blinking for 112 gold pieces
  7593 | D:11     | Bought a scroll of fear for 52 gold pieces
  7657 | D:11     | Noticed a two-headed ogre
  7662 | D:11     | Killed a two-headed ogre
  7662 | D:11     | Reached XP level 13. HP: 110/117 MP: 18/18
  7847 | D:11     | Gained mutation: You resist negative energy. (rN+) [Jiyva's grace]
  7919 | D:11     | Found Ifijiulu's Antique Weapon Shop.
  8525 | D:12     | Lost mutation: You resist negative energy. (rN+) [Jiyva's grace]
  8899 | D:13     | Reached skill level 10 in Transmutations
  8916 | D:13     | Gained mutation: Your mind is acute. (Int +5) [Jiyva's grace]
  8953 | D:13     | Reached XP level 14. HP: 66/127 MP: 22/22
  9277 | D:13     | Reached skill level 10 in Spellcasting
  9706 | D:14     | Gained mutation: Your spells are a little harder to cast, but a little more powerful. [Jiyva's grace]
 10420 | D:14     | Gained mutation: Your tail ends in a sharp poisonous barb. [mutagenic hatch]
 10420 | D:15     | Entered Level 15 of the Dungeon
 10429 | D:15     | Reached XP level 15. HP: 100/138 MP: 24/24
 10523 | D:15     | Found a staircase to the Orcish Mines.
 10646 | D:15     | Reached ****** piety under Jiyva
 10672 | D:15     | Found a staircase to the Depths.
 10819 | D:15     | Reached skill level 15 in Fighting
 10839 | D:15     | Noticed Roxanne
 10848 | D:15     | Killed Roxanne
 10850 | D:15     | Got Roxanne's Compendium of Moulding
 10853 | D:15     | Found a snail-covered altar of Cheibriados.
 10998 | D:15     | Reached skill level 15 in Unarmed Combat
 11038 | D:15     | Gained mutation: You are somewhat resistant to further mutation. [Jiyva's grace]
 11067 | D:15     | Found a gate to the Vaults.
 11122 | D:15     | Reached XP level 16. HP: 122/149 MP: 25/25
 11352 | Orc:1    | Entered Level 1 of the Orcish Mines
 11386 | Orc:1    | Noticed Snorg
 11394 | Orc:1    | Killed Snorg
 11437 | Orc:1    | Found Biarea Enunn's Armour Shoppe.
 11488 | Orc:1    | Bought a +0 pair of boots for 67 gold pieces
 11648 | Orc:2    | Entered Level 2 of the Orcish Mines
 11650 | Orc:2    | Reached skill level 15 in Dodging
 11951 | Orc:2    | Found a staircase to the Snake Pit.
 12005 | Orc:2    | Found Lyvuh's Jewellery Emporium.
 12017 | Orc:2    | Found Rolamuh's Gadget Shoppe.
 12202 | Orc:2    | Gained mutation: You are covered in slimy tendrils that may disarm your opponents. [Jiyva's grace]
 12868 | Orc:2    | Found Coruf's Assorted Antiques.
 12946 | Orc:2    | Found Xefezeh's Assorted Antiques.
 13113 | Orc:2    | Found a staircase to the Slime Pits.
 13331 | Orc:2    | Bought a potion of heal wounds for 130 gold pieces
 13365 | Orc:2    | Bought a scroll of blinking for 225 gold pieces
 13365 | Orc:2    | Bought a potion of haste for 300 gold pieces
 13486 | Snake:1  | Entered Level 1 of the Snake Pit
 13486 | Snake:1  | Lost mutation: Your tail ends in a sharp poisonous barb. [Jiyva's grace]
 13500 | Snake:1  | Found Boquotog's Antique Armour Shoppe.
 13512 | Snake:1  | Found Uchenyce's Book Shoppe.
 13512 | Snake:1  | Found Duoroz's Book Emporium.
 13512 | Snake:1  | Found Navebeb's Armour Shoppe.
 13512 | Snake:1  | Noticed Agnes
 13516 | Snake:1  | Noticed Rupert
 13519 | Snake:1  | Killed Agnes
 13519 | Snake:1  | Reached XP level 17. HP: 139/158 MP: 26/26
 13533 | Snake:1  | Killed Rupert
 13709 | Snake:1  | Learned a level 6 spell: Statue Form
 13733 | Snake:1  | Found Pihao's Weapon Emporium.
 13749 | Snake:1  | Found Xuaw Mui's Antique Weapon Shoppe.
 13772 | Snake:1  | Reached skill level 1 in Earth Magic
 13911 | Snake:1  | Found Javeok Hauc's Antique Armour Boutique.
 14498 | Snake:2  | Found Tecenlam's Jewellery Boutique.
 14498 | Snake:2  | Found Kadeupim's Gadget Emporium.
 14499 | Snake:2  | Found Rajyxen's Gadget Emporium.
 14574 | Snake:2  | Reached skill level 5 in Earth Magic
 14675 | Snake:2  | Lost mutation: Your spells are a little harder to cast, but a little more powerful. [Jiyva's grace]
 14835 | Snake:2  | Found a hide-covered altar of Uskayaw.
 15122 | Snake:3  | Entered Level 3 of the Snake Pit
 15172 | Snake:3  | Reached XP level 18. HP: 168/168 MP: 22/22
 15231 | Snake:3  | Noticed Aizul
 15257 | Snake:3  | Killed Aizul
 15692 | Snake:3  | Found a gate to the Vaults.
 15701 | Snake:3  | Got a serpentine rune of Zot
 15943 | Snake:3  | Reached XP level 19. HP: 177/177 MP: 25/25
 16187 | Vaults:1 | Entered Level 1 of the Vaults
 16484 | Vaults:1 | Lost mutation: You are somewhat resistant to further mutation. [Jiyva's grace]
 16694 | Vaults:1 | Found a hide-covered altar of Uskayaw.
 17019 | Vaults:1 | Found Ozail's Antique Weapon Emporium.
 17087 | Vaults:1 | Gained mutation: Your large and strong wings let you fly indefinitely. [Jiyva's grace]
 18119 | Vaults:2 | Found Vixueng's Jewellery Shoppe.
 18147 | Vaults:2 | Lost mutation: Your flesh is heat resistant. (rF+) [Jiyva's grace]
 18287 | Vaults:2 | Reached XP level 20. HP: 189/189 MP: 27/27
 18467 | Vaults:2 | Reached skill level 15 in Transmutations
 18781 | Vaults:3 | Entered Level 3 of the Vaults
 18781 | Vaults:3 | Found a staircase to the Slime Pits.
 18781 | Vaults:3 | Found a staircase to the Depths.
 18909 | Vaults:3 | Reached XP level 21. HP: 199/199 MP: 28/28
 19071 | Vaults:3 | HP: 1/261 [frost giant/bolt of cold (28)]
 19109 | Vaults:3 | Reached XP level 22. HP: 91/209 MP: 29/29
 19116 | Vaults:3 | HP: 4/271 [fire giant/+0 great mace of flaming (11)]
 19118 | Vaults:3 | Killed from afar by a titan

Skill      XL: |  1  2  3  4  5  6  7  8  9 10 11 12 13 14 15 16 17 18 19 20 21 |
---------------+----------------------------------------------------------------+-----
Unarmed Combat | 4 5 7 8 9 10 11 12 13 15 16 17 18 20 | 20.0
Transmutations | 5 6 7 8 10 12 13 14 15 | 15.0
Spellcasting   | 4 5 7 9 10 | 10.0
Dodging        | 4 6 8 10 11 13 14 15 16 17 18 19 | 19.8
Fighting       | 4 7 9 10 11 12 14 15 16 17 18 19 20 | 20.0
Earth Magic    | 6 8 |  8.0

Action                   |  1- 3 |  4- 6 |  7- 9 | 10-12 | 13-15 | 16-18 | 19-21 | 22-24 || total
-------------------------+-------+-------+-------+-------+-------+-------+-------+-------++-------
Melee: Unarmed           |    59 |    64 |   197 |   249 |   331 |   702 |   534 |     6 ||  2142
       Kick              |    13 |     9 |    32 |       |       |       |       |       ||    54
       Tailslap          |     2 |     5 |    19 |    40 |    72 |   120 |   114 |     1 ||   373
       Punch             |       |     1 |     3 |    15 |    36 |    52 |    73 |     1 ||   181
 Cast: Beastly Appendage |     1 |       |       |       |       |       |       |       ||     1
       Sticks to Snakes  |       |       |     5 |       |       |       |     2 |       ||     7
       Blade Hands       |       |       |     1 |       |       |     1 |     1 |       ||     3
       Statue Form       |       |       |       |       |       |     1 |     1 |       ||     2
Invok: Slimify           |       |       |     1 |     3 |       |       |     2 |       ||     6
       Cure Bad Mutation |       |       |       |     1 |       |       |       |       ||     1
 Abil: Breathe Dispellin |       |       |     1 |       |       |       |       |       ||     1
       End Transformatio |       |       |     1 |       |       |     1 |       |       ||     2
       Fly               |       |       |       |       |       |       |     1 |       ||     1
       Stop Flying       |       |       |       |       |       |       |     1 |       ||     1
Evoke: Phantom mirror    |       |       |       |       |       |       |     2 |       ||     2
       Wand              |       |       |       |       |       |       |       |     1 ||     1
  Use: Potion            |       |       |       |     4 |     1 |     1 |     2 |       ||     8
       Scroll            |       |       |       |     2 |     1 |     2 |     4 |     1 ||    10
 Stab: Sleeping          |     2 |       |     3 |     2 |     1 |     8 |     1 |       ||    17
       Paralysed         |       |       |     1 |       |       |       |       |       ||     1
       Distracted        |       |       |       |       |       |     1 |       |       ||     1
Armor: Skin              |    20 |    18 |    55 |    28 |    58 |   199 |   225 |     2 ||   605
Dodge: Dodged            |    33 |    43 |    99 |   229 |   311 |   922 |   833 |     4 ||  2474
